 Dungeon Crawl Stone Soup version 0.30.1-9-gdf580d7c3d (webtiles) character file.

Game seed: 8691276003034700612

77 Ivernyr the Cudgeller (level 4, 0/48 HPs)
             Began as an Ogre Gladiator on Sept 28, 2023.
             Slain by a scorpion (1 damage)
             ... on level 3 of the Dungeon.
             The game lasted 00:02:45 (1743 turns).

Ivernyr the Cudgeller (Ogre Gladiator)              Turns: 1743, Time: 00:02:45

Health: 0/48       AC:  3    Str: 20    XL:     4   Next: 33%
Magic:  4/4        EV: 10    Int:  9    God:
Gold:   128        SH:  0    Dex: 10    Spells: 3/3 levels left

rFire   . . .        a - +0 flail
rCold   . . .        (no shield)
rNeg    . . .        b - +0 robe
rPois   .            c - +0 hat
rElec   .            (no cloak)
rCorr   .            (gloves unavailable)
SInv    .            (boots unavailable)
Will    .....        (no amulet)
Stlth   +            (no ring)
HPRegen 0.28/turn    (no ring)
MPRegen 0.09/turn

%: no passive effects
@: lethally poisoned (0 -> -3)
A: large, unfitting armour, tough skin 1
a: no special abilities


You were on level 3 of the Dungeon.
You visited 1 branch of the dungeon, and saw 3 of its levels.

You collected 128 gold pieces.

Inventory:

Hand Weapons
 a - a +0 flail (weapon)
Missiles
 d - 3 throwing nets (quivered)
 e - 6 large rocks
Armour
 b - a +0 robe (worn)
 c - a +0 hat (worn)
Scrolls
 f - 2 scrolls of identify {unknown}
 g - 2 scrolls of immolation {unknown}
 h - 3 scrolls of blinking {unknown}
 i - 2 scrolls of fear {unknown}
 m - a scroll of enchant armour {unknown}
Potions
 j - a potion of heal wounds {unknown}
 k - a potion of flight {unknown}
 l - 2 potions of resistance {unknown}
 n - a potion of attraction {unknown}
 o - 2 potions of degeneration {unknown}


   Skills:
 + Level 3.6 Fighting
 * Level 3.7 Maces & Flails
 - Level 2.0 Throwing
 + Level 3.2 Dodging


You had 3 spell levels left.
You didn't know any spells.
Your spell library contained the following spells:

 Spells                   Type           Power      Damage    Failure   Level
 Sandblast                Erth           0%         2d4       38%         1
 Passwall                 Tmut/Erth      0%         N/A       52%         2
 Stone Arrow              Conj/Erth      0%         3d7       77%         3
 Summon Forest            Summ/Tloc      0%         N/A       100%        5
 Summon Mana Viper        Hex/Summ       0%         N/A       100%        5
 Summon Cactus Giant      Summ           0%         N/A       100%        6


Dungeon Overview and Level Annotations

Branches:
Dungeon (3/15)

Altars:


Innate Abilities, Weirdness & Mutations

You are too large for most types of armour.
You have tough skin. (AC +1)


Message History

You are poisoned.
The scorpion poisons you! The scorpion stings you.
You are more poisoned.
The scorpion poisons you!
You closely miss the scorpion.
The scorpion is heavily wounded.
You feel very sick. The scorpion barely misses you.
You hit the scorpion but do no damage.
The scorpion is heavily wounded.
You feel very sick. The scorpion stings you!
You are more poisoned.
The scorpion poisons you! The scorpion closely misses you.
You hit the scorpion.
The scorpion is heavily wounded.
You feel very sick. The scorpion barely misses you.
You closely miss the scorpion.
The scorpion is heavily wounded.
You feel very sick.
The scorpion stings you but does no damage.
The scorpion stings you.
* * * LOW HITPOINT WARNING * * *
You closely miss the scorpion.
The scorpion is heavily wounded.
You feel very sick. The scorpion stings you.
* * * LOW HITPOINT WARNING * * *
You closely miss the scorpion.
The scorpion is heavily wounded.
* * * LOW HITPOINT WARNING * * *
You feel very sick. The scorpion closely misses you.
Unknown command.
You hit the scorpion but do no damage.
The scorpion is heavily wounded.
* * * LOW HITPOINT WARNING * * *
You feel sick. The scorpion stings you.
You die...

#.# #.# #.# ###.# ## #.#
#.... . #.# #.#.#
#.#########.# #.#.#
#..##.#.......#.###.#.#
......s.............#.#
#@#####.###...#.##
...#.#.#####.###.#.....
........................
.###..#.###########..###
.....#.. ........## #.#.
#.. .........## # ..
#..# ######.#..# ## #..#
#.##.# #..# ..##..


You could see a scorpion.

Vanquished Creatures
  2 adders (D:2)
  4 dart slugs
  5 endoplasms (D:1)
  2 giant cockroaches
  7 goblins
  5 hobgoblins
  3 quokkas
  3 ball pythons (D:1)
  2 bats
  2 frilled lizards (D:1)
  7 kobolds
  5 rats
47 creatures vanquished.

Notes
Turn   | Place    | Note
-------+----------+-------------------------------------------
     0 | D:1      | Ivernyr the Ogre Gladiator began the quest for the Orb.
     0 | D:1      | Reached XP level 1. HP: 22/22 MP: 1/1
   155 | D:1      | Reached XP level 2. HP: 27/29 MP: 2/2
   364 | D:1      | Reached XP level 3. HP: 37/37 MP: 3/3
  1216 | D:2      | Reached XP level 4. HP: 45/46 MP: 4/4
  1732 | D:3      | Noticed a scorpion
  1743 | D:3      | HP: 1/48 [poisoned by a scorpion]
  1743 | D:3      | Slain by a scorpion

Illustrated notes

Levels and vault maps discovered:
D:1:      saegor_arrival_under_anarchy, layout_basic, minmay_misc_feat_alley,
          corexii_corridor_pit
D:2:      layout_rooms, serial_corexii_hall, corexii_hall_statues_x,
          corexii_hall_statues_i, st_stairs_3
D:3:      minmay_door_path, layout_basic

Skill      XL: |  1  2  3 |
---------------+----------+-----
Maces & Flails | 3 |  3.7
Fighting       | 3 |  3.6
Dodging        | 3 |  3.2
Throwing       | |  2.0

Action                     |  1- 3 |  4- 6 || total
---------------------------+-------+-------++-------
  Melee: Flail             |   109 |    23 ||   132
         Punch             |     2 |       ||     2
   Stab: Sleeping          |     1 |       ||     1
 Armour: Robe              |    36 |    10 ||    46
  Dodge: Dodged            |    86 |     9 ||    95
